 Dungeon Crawl Stone Soup version 0.30-a0-1160-g6e42c06551 (webtiles) character file.

Game seed: 9119599233674659303

30 cheesebisquit the Ruffian (level 3, -1/36 HPs)
             Began as a Troll Fighter on Apr 25, 2023.
             Killed by divine providence
             ... invoked by an orc priest
              (15 damage)
             ... on level 4 of the Dungeon.
             The game lasted 00:02:22 (880 turns).

cheesebisquit the Ruffian (Troll Fighter)            Turns: 880, Time: 00:02:22

Health: -1/36      AC:  4    Str: 26    XL:     3   Next: 3%
Magic:  2/2        EV:  8    Int:  4    God:
Gold:   18         SH:  7    Dex:  9    Spells: 2/2 levels left

rFire   . .          .
                       - Unarmed
rCold   . . .        b - +0 kite shield
rNeg    . . .        a - +0 robe
rPois   .            (helmet restricted)
rElec   .            (no cloak)
rCorr   .            (gloves unavailable)
SInv    .            (boots unavailable)
Will    .....        (no amulet)
Stlth   +            (no ring)
HPRegen 1.06/turn    (no ring)
MPRegen 0.08/turn

%: no passive effects
@: mighty
A: large, unfitting armour, claws 3, regeneration 1, shaggy fur 1, tough skin 1
a: no special abilities


You were on level 4 of the Dungeon.
You visited 1 branch of the dungeon, and saw 3 of its levels.

You collected 18 gold pieces.

Inventory:

Missiles
 d - 2 poisoned darts (quivered)
Armour
 a - a +0 robe (worn)
 b - a +0 kite shield (worn)
Scrolls
 e - a scroll of poison {unknown}
 f - 3 scrolls of identify {unknown}
Potions
 g - a potion of mutation {unknown}


   Skills:
 + Level 2.5 Fighting
 - Level 2.4 Dodging
 - Level 2.6 Shields
 * Level 3.4 Unarmed Combat


You had 2 spell levels left.
You didn't know any spells.
Your spell library was empty.

Dungeon Overview and Level Annotations

Branches:
Dungeon (4/15)
 Temple: D:4-7

Altars:


Innate Abilities, Weirdness & Mutations

You are too large for most types of armour.
You have claws for hands.
Your natural rate of healing is unusually fast.
You are covered in fur. (AC +1)
You have tough skin. (AC +1)


Message History

You feel sick. You block the adder's attack. The adder bites you.
You miss the adder.
The adder is severely wounded.
You feel sick. The adder closely misses you.
You claw the adder!
You kill the adder!
You feel sick.
You feel sick.
You feel sick.
You feel sick.
You feel sick.
You feel sick.
You are no longer poisoned.
HP restored.
An orc and 2 orc priests come into view.
Found a fuming purple potion.
The orc priest shouts!
The orc shouts!
The orc priest shouts!
You barely miss the orc. The orc barely misses you.
The orc priest mumbles some strange prayers to Beogh against you.
Beogh smites you!
You closely miss the orc. You block the orc's attack.
The orc priest mumbles some strange prayers to Beogh against you.
Beogh smites you!
* * * LOW HITPOINT WARNING * * *
Okay, then.
You claw the orc!
You kill the orc!
You have reached level 3!
Your experience leads to an increase in your attributes!
Increase (S)trength, (I)ntelligence, or (D)exterity?
You feel stronger. x3
You claw the orc priest!
The orc priest is severely wounded.
The orc priest miscasts a cantrip.
You block the orc priest's attack.
You claw the orc priest!
You kill the orc priest!
The orc priest invokes the aid of Beogh against you.
Beogh smites you!
You die...

# #. #. #.###
##.#...#####..#
####.!....@)o...#
.....###.#####..#
.. #.#
#.###.#####..
#.......>....
#####........
########.


You could see an orc priest.

Vanquished Creatures
  An orc priest (D:4)
  An adder (D:4)
  2 dart slugs
  An orc (D:4)
  A bat (D:1)
  2 endoplasms (D:1)
  A goblin (D:1)
  4 ball pythons (D:1)
  2 kobolds (D:1)
  3 rats
18 creatures vanquished.

Notes
Turn   | Place    | Note
-------+----------+-------------------------------------------
     0 | D:1      | cheesebisquit the Troll Fighter began the quest for the
                  | Orb.
     0 | D:1      | Reached XP level 1. HP: 22/22 MP: 0/0
   394 | D:1      | Reached XP level 2. HP: 29/29 MP: 1/1
   618 | D:1      | Reached skill level 3 in Unarmed Combat
   834 | D:2      | You fall into a shaft and drop 2 floors!
   879 | D:4      | Reached XP level 3. HP: 12/36 MP: 2/2
   880 | D:4      | Killed from afar by an orc priest

Illustrated notes

Levels and vault maps discovered:
D:1:      dpeg_arrival_tiny_b, layout_basic, serial_rivers,
          chequers_serial_rivers_small_a, chequers_serial_rivers_small_3,
          chequers_serial_rivers_micro_c, chequers_serial_rivers_small_a
D:2:      layout_basic, basic_altar, roderic_lattice_a
D:4:      layout_loops_ring, mainiacjoe_overflow_catwalk, due_unseen_surprise

Skill      XL: |  1  2 |
---------------+-------+-----
Unarmed Combat | 3 |  3.4
Fighting       | |  2.5
Dodging        | |  2.4
Shields        | |  2.6

Action                     || total
---------------------------++-------
  Melee: Unarmed           ||    48
    Use: Potion            ||     1
   Stab: Sleeping          ||     1
 Armour: Robe              ||    13
  Dodge: Dodged            ||     5
  Block: Kite shield       ||    17

Table legend: (Time is in decaauts)
 A = Elapsed time spent in this place.
 B = Non-inter-level travel time spent in this place.
 C = Inter-level travel time spent in this place.
 D = Time resting spent in this place.
 E = Time spent auto-exploring this place.
 F = Levels seen in this place.
 G = Mean time per level.
                   A        B        C        D        E       F      G
               +--------+--------+--------+--------+--------+-----+--------+
         Total |    882 |    843 |     39 |      0 |    720 |   3 |  294.0 |
       Dungeon |    882 |    843 |     39 |      0 |    720 |   3 |  294.0 |
               +--------+--------+--------+--------+--------+-----+--------+

Top non-repeatable levels by time:
     D:1: 789 daAuts
     D:2: 46 daAuts
     D:4: 46 daAuts
